 Dungeon Crawl Stone Soup version 0.30-a0-1085-g990a428a5c (webtiles) character file.

Game seed: 11434168628249459579

65462 Zonian the Brawler (level 14, -1/166 HPs)
             Began as a Troll Gladiator on Apr 16, 2023.
             Was an Elder of Ashenzari.
             Slain by a skeletal warrior
             ... wielding a +0 hand axe
              (9 damage)
             ... on level 12 of the Dungeon.
             The game lasted 00:51:05 (19141 turns).

Zonian the Brawler (Troll Gladiator)               Turns: 19141, Time: 00:51:06

Health: -1/166     AC: 15    Str: 29    XL:     14   Next: 75%
Magic:  13/13      EV: 16    Int:  4    God:    Ashenzari [****..]
Gold:   391        SH:  0    Dex: 16    Spells: 14/14 levels left

rFire   . . .      SeeInvis +      - Unarmed
rCold   . . .      Faith    .    q - orb of Ashenzari's Affliction {light, Melee, Comp} (curse)
rNeg    . . .      Spirit   .    L - +2 troll leather armour of Ashenzari's Moon {Regen+, Melee, Self} (curse)
rPois   +          Reflect  .    b - +2 hat "Circumscribed Seeker" {Self, Comp} (curse)
rElec   .          Rampage  .    (no cloak)
rCorr   +          Clarity  +    (gloves unavailable)
Will    +....                    (boots unavailable)
Stlth   +                        (no amulet)
HPRegen 2.07/turn                j - ring "Circumscribed Together" {EV+5, Bglg, Self} (curse)
MPRegen 0.13/turn                A - ring of the Prescient Sky {Drain rPois rCorr AC+4 Dex+5, Melee, Fort} (curse)

@: glowing
A: large, unfitting armour, claws 3, regeneration 1, shaggy fur 1, tough skin 1
a: Renounce Religion, Curse Item, Shatter the Chains


You were on level 12 of the Dungeon.
You worshipped Ashenzari.
Ashenzari was greatly pleased with you.
You visited 3 branches of the dungeon, and saw 19 of its levels.
You also visited: Bailey.

You collected 1345 gold pieces.
You spent 954 gold pieces at shops.

Inventory:

Hand Weapons
 E - the +7 Spriggan's Knife {stab, EV+4 Stlth+}
   (You took it off a kobold on level 7 of the Dungeon)

   Stab:      It is more effective when stabbing unaware enemies, sometimes
   treating them as though they were completely helpless.
   EV:        It affects your evasion (+4).
   Stlth:     It makes you more stealthy.
Missiles
 k - 35 poisoned darts (quivered)
 r - 11 large rocks
 z - a throwing net
 B - 13 curare-tipped darts
 S - 6 boomerangs
Armour
 b - the cursed +2 hat "Circumscribed Seeker" (worn) {Self, Comp}

   It has a curse which improves the following skills: Introspection: Fighting
   and Spellcasting.
   Companions: Summonings and Necromancy.
 q - the cursed orb of Ashenzari's Affliction (worn) {light, Melee, Comp}
   (You found it on level 3 of the Dungeon)

   It has a curse which improves the following skills: Melee Combat: Short
   Blades, Long Blades, Axes, Maces & Flails, Polearms, Staves and Unarmed
   Combat.
   Companions: Summonings and Necromancy.
 J - +0 steam dragon scales
 L - the cursed +2 troll leather armour of Ashenzari's Moon (worn) {Regen+, Melee, Self}
   (You found it on level 9 of the Dungeon)

   Regen:     It increases your rate of health regeneration.
   It has a curse which improves the following skills: Melee Combat: Short
   Blades, Long Blades, Axes, Maces & Flails, Polearms, Staves and Unarmed
   Combat.
   Introspection: Fighting and Spellcasting.
 Q - an orb of wrath
Jewellery
 j - the cursed ring "Circumscribed Together" (left claw) {EV+5, Bglg, Self}
   (You found it on level 1 of the Dungeon)

   [ring of evasion]

   EV:        It affects your evasion (+5).
   It has a curse which improves the following skills: Beguiling: Conjurations,
   Hexes and Translocations.
   Introspection: Fighting and Spellcasting.
 A - the cursed ring of the Prescient Sky (right claw) {Drain rPois rCorr AC+4 Dex+5, Melee, Fort}
   (You bought it in a shop on level 6 of the Dungeon)

   [ring of protection]

   AC:        It affects your AC (+4).
   Dex:       It affects your dexterity (+5).
   rPois:     It protects you from poison.
   rCorr:     It protects you from acid and corrosion.
   Drain:     It drains your maximum health when unequipped.
   It has a curse which improves the following skills: Melee Combat: Short
   Blades, Long Blades, Axes, Maces & Flails, Polearms, Staves and Unarmed
   Combat.
   Fortitude: Armour and Shields.
 N - the ring "Lelaz" {Fly rC- Will++}
   (You found it on level 10 of the Dungeon)

   [ring of flight]

   rC:        It makes you vulnerable to cold.
   Fly:       It grants you flight.
   Will:      It greatly increases your willpower.
Wands
 a - a wand of mindburst (5)
 s - a wand of light (2)
 I - a wand of flame (43)
 K - a wand of roots (6)
 P - a wand of paralysis (17)
Scrolls
 c - a scroll of amnesia
 e - 4 scrolls of enchant armour
 g - 2 scrolls of magic mapping
 n - 3 scrolls of summoning
 o - 2 scrolls of brand weapon
 t - 4 scrolls of vulnerability
 u - 4 scrolls of poison
 w - 4 scrolls of blinking
 x - 3 scrolls of fear
 D - 4 scrolls of fog
 F - 2 scrolls of teleportation
 G - 2 scrolls of immolation
 R - a scroll of silence
Potions
 d - 6 potions of invisibility
 f - 5 potions of curing
 h - a potion of cancellation
 i - 5 potions of magic
 l - 3 potions of might
 m - 2 potions of flight
 p - 2 potions of lignification
 v - 3 potions of mutation
 C - 3 potions of attraction
 H - 2 potions of berserk rage
 M - a potion of haste
 O - 2 potions of heal wounds
 T - a potion of resistance
 U - a potion of ambrosia
Miscellaneous
 y - a phial of floods


   Skills:
 + Level 14.0(17.5) Fighting
 - Level 9.0 Throwing
 - Level 5.0(6.7) Armour
 - Level 4.0 Dodging
 + Level 16.6(20.1) Unarmed Combat
 - Level 3.5 Evocations


You had 14 spell levels left.
You didn't know any spells.
Your spell library contained the following spells:

 Spells                   Type           Power      Damage    Failure   Level
 Necrotise                Necr           0%         1d4       47%         1
 Summon Small Mammal      Summ           0%         N/A       47%         1
 Apportation              Tloc           0%         N/A       50%         1
 Sting                    Tmut/Pois      0%         1d3       52%         1
 Lesser Beckoning         Tloc           0%         N/A       63%         2
 Sublimation of Blood     Necr           0%         N/A       63%         2
 Poisonous Vapours        Pois/Air       0%         N/A       67%         2
 Dazzling Flash           Conj/Hex       0%         N/A       86%         3
 Gell's Gravitas          Tloc           0%         N/A       86%         3
 Portal Projectile        Hex/Tloc       0%         N/A       86%         3
 Teleport Other           Tloc           0%         N/A       86%         3
 Tukima's Dance           Hex            0%         N/A       86%         3
 Mephitic Cloud           Conj/Pois/Air  0%         N/A       87%         3
 Stone Arrow              Conj/Erth      0%         3d7       87%         3
 Vhi's Electric Charge    Tloc/Air       0%         N/A       87%         3
 Olgreb's Toxic Radiance  Pois           0%         N/A       99%         4
 Petrify                  Tmut/Erth      0%         N/A       99%         4
 Agony                    Necr           0%         N/A       100%        5
 Arcjolt                  Conj/Air       0%         1d10      100%        5
 Blade Hands              Tmut           0%         N/A       100%        5
 Irradiate                Conj/Tmut      0%         3d11      100%        5
 Silence                  Hex/Air        0%         N/A       100%        5
 Dispersal                Tloc           0%         N/A       100%        6
 Malign Gateway           Summ/Tloc      0%         N/A       100%        7
 Maxwell's Capacitive Co  Air            0%         ∞         100%        8


Dungeon Overview and Level Annotations

Branches:
Dungeon (13/15)            Temple (1/1) D:5            Lair (5/5) D:10
 Shoals (0/4) Lair:2        Snake (0/4) Lair:3        Slime (0/5) Lair:4
    Orc (0/2) D:10         Bailey (visited)
 Vaults: D:13-14

Altars:
Ashenzari
Dithmenos
Fedhas
Hepliaklqana
Kikubaaqudgha
Makhleb
Nemelex Xobeh
Okawaru
Qazlal
Ru
Sif Muna
Trog
Vehumet
Xom
Yredelemnul
Zin
Jiyva

Shops:
D:4 (   D:5 *   D:6 =   D:10 =*

Annotations:
D:8 1 runed translucent door, bmack86's ghost, novice MiFi
Lair:5 exclusion: oklob plant


Innate Abilities, Weirdness & Mutations

You are too large for most types of armour.
You have claws for hands.
Your natural rate of healing is unusually fast.
You are covered in fur. (AC +1)
You have tough skin. (AC +1)


Message History

The skeletal warrior hits you with a +0 war axe!!
* * * LOW HITPOINT WARNING * * *
The barbed spikes dig painfully into your body as you move.
* * * LOW HITPOINT WARNING * * *
You climb upwards.
There is a stone staircase leading down here.
Unknown command.
You scratch the skeletal warrior.
The skeletal warrior is lightly damaged.
You carefully extract the barbed spikes from your body.
The skeletal warrior barely misses you.
Unknown command.
You barely miss the skeletal warrior.
The skeletal warrior is lightly damaged.
Unknown command.
You scratch the skeletal warrior.
The skeletal warrior is lightly damaged.
The skeletal warrior hits you with a +0 war axe!
* * * LOW HITPOINT WARNING * * *
The skeletal warrior hits you with a +0 hand axe.
* * * LOW HITPOINT WARNING * * *
Unknown command.
You scratch the skeletal warrior but do no damage.
The skeletal warrior is lightly damaged.
Unknown command.
You barely miss the skeletal warrior.
The skeletal warrior is lightly damaged.
The skeletal warrior hits you with a +0 war axe.
* * * LOW HITPOINT WARNING * * *
The skeletal warrior hits you with a +0 hand axe!!
* * * LOW HITPOINT WARNING * * *
You feel much better.
The skeletal warrior hits you but does no damage.
The skeletal warrior misses you.
You scratch the skeletal warrior but do no damage.
The skeletal warrior is lightly damaged.
The skeletal warrior hits you with a +0 war axe!!
* * * LOW HITPOINT WARNING * * *
The skeletal warrior hits you with a +0 hand axe!
You die...

#.........#
#########.........##########
...........................######
....#######......................
....# #......................
....# #......................
....# #......................
....#######..###z##...########...
.............#..@.#...# #...
.............#..z.#...# ####
.............#....#...#
..###..####..#....#...# ..#x#.##
#..#....#...# ..###.#
#..#....#...# ......#
#..#....#...# ..#####
#..#....#...######## ....#
#..#'####..........#


You could see 2 skeletal warriors.

Vanquished Creatures
  A fire dragon (Lair:5)
  2 vault guards (Bailey)
  Erolcha (D:11)
  7 hydras
  2 boulder beetles
  2 two-headed ogres (D:10)
  14 death yaks
  Sonja (Lair:4)
  2 skysharks
  A skeletal warrior (D:13)
  2 lindwurms
  A necromancer (Lair:4)
  2 ugly things
  3 manticores
  3 cyclopes (D:11)
  11 elephants
  9 black mambas
  Joseph (D:7)
  14 cane toads
  3 molten gargoyles (Lair:5)
  A gargoyle (D:11)
  5 rime drakes
  10 komodo dragons
  6 trolls
  6 blink frogs
  A snapping turtle (Lair:2)
  Grinder (D:3)
  4 dream sheep (Lair:4)
  Prince Ribbit (Bailey)
  5 slime creatures
  A vampire (D:12)
  9 wyverns
  4 shadows
  51 yaks
  3 basilisks
  Grum (D:10)
  6 humans (Bailey)
  5 steam dragons
  4 vampire mosquitoes
  Menkaure (D:5)
  A two-headed ogre zombie (D:10)
  3 nagas (Lair:3)
  11 water moccasins
  4 hell hounds (Lair:5)
  5 orc warriors
  2 elephant zombies (Lair:4)
  3 ice beasts
  4 sky beasts
  An ogre (D:5)
  A black bear (D:6)
  9 wolves
  4 centaurs
  22 bullfrogs
  3 kobold brigands
  2 gnoll sergeants
  9 scorpions
  18 wights
  A troll zombie (D:10)
  10 killer bees
  A howler monkey (D:8)
  4 electric eels
  5 lava snakes (Lair:5)
  A crimson imp (D:3)
  2 basilisk zombies (Lair:4)
  2 hounds (D:5)
  2 orc priests
  3 jellies
  Terence (D:2)
  9 iguanas
  6 orc wizards
  5 hell rats (Lair:2)
  6 ogre zombies (D:10)
  12 gnolls
  12 adders
  A shadow imp (D:7)
  2 white imps
  An ufetubus (D:4)
  2 worms
  3 dart slugs
  30 orcs
  6 ball pythons
  11 endoplasms
  3 giant cockroaches
  16 goblins
  7 hobgoblins
  4 jackals (D:2)
  4 quokkas
  9 bats
  4 frilled lizards
  A goblin skeleton (D:10)
  4 goblin zombies (D:10)
  4 hobgoblin zombies (D:10)
  17 kobolds
  2 orc skeletons (D:10)
  14 orc zombies (D:10)
  A rat (D:1)
537 creatures vanquished.

Vanquished Creatures (collateral kills)
  A shadow (D:5)
  An iguana (D:5)
2 creatures vanquished.

Vanquished Creatures (others)
  2 gnolls (D:9)
  29 fungi
  62 plants
93 creatures vanquished.

Grand Total: 632 creatures vanquished

Notes
Turn   | Place    | Note
-------+----------+-------------------------------------------
     0 | D:1      | Zonian the Troll Gladiator began the quest for the Orb.
     0 | D:1      | Reached XP level 1. HP: 19/19 MP: 0/0
   314 | D:1      | Reached XP level 2. HP: 28/28 MP: 1/1
   496 | D:1      | Found a faded altar of an unknown god.
   990 | D:2      | Reached XP level 3. HP: 35/35 MP: 2/2
  1076 | D:2      | Found a burning altar of Makhleb.
  1089 | D:2      | Noticed Terence
  1106 | D:2      | Killed Terence
  1107 | D:2      | Reached XP level 4. HP: 42/42 MP: 3/3
  1383 | D:3      | Noticed Grinder
  1387 | D:3      | Paralysed by Grinder for 5 turns
  1396 | D:3      | Paralysed by Grinder for 3 turns
  1402 | D:3      | Paralysed by Grinder for 2 turns
  1410 | D:3      | Killed Grinder
  1411 | D:3      | Reached skill level 4 in Unarmed Combat
  1411 | D:3      | Reached XP level 5. HP: 48/52 MP: 4/4
  1411 | D:3      | Reached XP level 6. HP: 54/59 MP: 5/5
  1999 | D:3      | Found a radiant altar of Vehumet.
  1999 | D:3      | Found a burning altar of Makhleb.
  2217 | D:4      | Found Hoygitoxzing's Weapon Shop.
  2534 | D:4      | Reached XP level 7. HP: 63/67 MP: 6/6
  2826 | D:5      | Entered Level 5 of the Dungeon
  2831 | D:5      | Reached skill level 5 in Unarmed Combat
  2834 | D:5      | Found Uwei's Assorted Antiques.
  3076 | D:5      | Bought a scroll labelled PIVEOG TOUP for 25 gold pieces
  3076 | D:5      | Bought a scroll of enchant armour for 187 gold pieces
  3076 | D:5      | Bought a scroll labelled XEAROR WEIGEZ for 25 gold pieces
  3076 | D:5      | Bought a scroll labelled SIHYCH FOIKH for 25 gold pieces
  3336 | D:5      | Noticed Menkaure
  3354 | D:5      | Killed Menkaure
  3829 | D:5      | Noticed a shadow
  3837 | D:5      | Killed a shadow
  3952 | D:5      | Reached XP level 8. HP: 49/78 MP: 7/7
  3982 | D:5      | Found a glowing silver altar of Zin.
  4410 | D:5      | Found a shadowy altar of Dithmenos.
  4411 | D:5      | Found a blossoming altar of Fedhas.
  4417 | D:5      | Reached skill level 5 in Throwing
  4417 | D:5      | Reached skill level 6 in Unarmed Combat
  4459 | D:5      | Found a staircase to the Ecumenical Temple.
  4695 | Temple   | Entered the Ecumenical Temple
  4734 | Temple   | Became a worshipper of Ashenzari the Shackled
  4798 | D:6      | Found a hazy altar of Hepliaklqana.
  5259 | D:6      | Reached skill level 5 in Fighting
  5335 | D:6      | Found Jioqip's Jewellery Boutique.
  5468 | D:6      | Found a bloodstained altar of Trog.
  5534 | D:6      | Reached skill level 7 in Unarmed Combat
  5556 | D:6      | Reached XP level 9. HP: 69/88 MP: 8/8
  5831 | D:7      | Found a flagged portal.
  5871 | Bailey   | Entered a bailey
  6035 | Bailey   | Reached skill level 8 in Unarmed Combat
  6272 | Bailey   | Noticed Prince Ribbit
  6276 | Bailey   | Noticed a vault guard
  6304 | Bailey   | Killed a vault guard
  6305 | Bailey   | Reached XP level 10. HP: 93/102 MP: 9/9
  6315 | Bailey   | Killed Prince Ribbit
  6316 | Bailey   | Reached skill level 9 in Unarmed Combat
  6512 | Bailey   | Noticed a vault guard
  6529 | Bailey   | Killed a vault guard
  6697 | D:7      | Noticed Joseph
  6706 | D:7      | Killed Joseph
  7158 | D:7      | Found a shimmering altar of Xom.
  7419 | D:8      | Reached * piety under Ashenzari
  7802 | D:8      | Found a runed translucent door.
  7805 | D:8      | Noticed bmack86's ghost (novice MiFi)
  7808 | D:8      | Identified the +7 trident "Xaifudaf" {pain, Will++ Int-2
                  | Dex+4}
  8328 | D:8      | Reached skill level 10 in Unarmed Combat
  8655 | D:9      | Reached ** piety under Ashenzari
  8757 | D:9      | Reached XP level 11. HP: 117/117 MP: 10/10
  9357 | D:10     | Entered Level 10 of the Dungeon
  9357 | D:10     | Found a staircase to the Lair.
  9389 | D:10     | Reached skill level 11 in Unarmed Combat
  9919 | D:10     | Noticed Grum
  9935 | D:10     | Killed Grum
 10115 | D:10     | Noticed a two-headed ogre
 10123 | D:10     | Killed a two-headed ogre
 10214 | D:10     | Found a staircase to the Orcish Mines.
 10347 | D:10     | Found Leutewocs's Assorted Antiques.
 10479 | D:10     | Noticed a two-headed ogre
 10479 | D:10     | Identified the ring "Lelaz" {Fly rC- Will++}
 10487 | D:10     | Killed a two-headed ogre
 10700 | D:10     | Found Vaazos's Jewellery Shop.
 10819 | Lair:1   | Entered Level 1 of the Lair of Beasts
 10849 | Lair:1   | Reached skill level 12 in Unarmed Combat
 10862 | Lair:1   | Reached skill level 1 in Evocations
 10897 | Lair:1   | Reached *** piety under Ashenzari
 10927 | Lair:1   | Reached skill level 10 in Fighting
 10986 | Lair:1   | Identified the +1 chain mail "Wuifobiz" {Harm rPois Will+
                  | Regen+}
 11314 | Lair:1   | Identified the Discursus on Blasts and Nonlocality
 11475 | Lair:2   | Noticed a death yak
 11488 | Lair:1   | Killed a death yak
 11489 | Lair:1   | Reached XP level 12. HP: 119/136 MP: 11/11
 11532 | Lair:2   | Identified the +3 spear of Eternity {spect, rPois rF- rN+
                  | Dex+2}
 11691 | Lair:2   | Reached **** piety under Ashenzari
 11871 | Lair:2   | Noticed a death yak
 12181 | Lair:2   | Noticed a death yak
 12182 | Lair:2   | Noticed a death yak
 12195 | Lair:2   | Killed a death yak
 12196 | Lair:2   | Reached skill level 13 in Unarmed Combat
 12204 | Lair:2   | Killed a death yak
 12574 | Lair:2   | Noticed a death yak
 12576 | Lair:2   | Noticed a death yak
 12576 | Lair:2   | Noticed a death yak
 12585 | Lair:2   | Killed a death yak
 12590 | Lair:2   | Noticed a death yak
 12591 | Lair:2   | Killed a death yak
 12598 | Lair:2   | Killed a death yak
 12620 | Lair:2   | Killed a death yak
 12627 | Lair:2   | Killed a death yak
 12687 | Lair:2   | Found a staircase to the Shoals.
 13049 | Lair:3   | Found a staircase to the Snake Pit.
 13135 | Lair:3   | Reached XP level 13. HP: 132/148 MP: 12/12
 13266 | Lair:3   | Reached skill level 1 in Armour
 13311 | Lair:3   | Reached skill level 14 in Unarmed Combat
 14537 | D:6      | Bought the ring "Teiph" {Drain rPois rCorr AC+4 Dex+5} for
                  | 692 gold pieces
 14676 | Lair:4   | Noticed Sonja
 14702 | Lair:4   | Killed Sonja
 14704 | Lair:4   | Found a staircase to the Slime Pits.
 14705 | Lair:4   | Found a viscous altar of Jiyva.
 15051 | Lair:4   | Reached skill level 15 in Unarmed Combat
 15060 | Lair:4   | Reached skill level 5 in Armour
 15578 | Lair:5   | Entered Level 5 of the Lair of Beasts
 16123 | Lair:5   | Reached XP level 14. HP: 162/162 MP: 13/13
 16972 | Lair:5   | Reached skill level 16 in Unarmed Combat
 17130 | Lair:5   | Found a large runed translucent door.
 17131 | Lair:5   | Found a large runed translucent door.
 17605 | D:11     | Noticed Erolcha
 17632 | D:11     | Killed Erolcha
 18390 | D:12     | Upgraded the game from 0.30-a0-1082-g70414cbcbb to
                  | 0.30-a0-1085-g990a428a5c
 19141 | D:12     | HP: 8/166 [skeletal warrior/+0 war axe (23)]
 19141 | D:12     | Slain by a skeletal warrior

Illustrated notes

Levels and vault maps discovered:
D:1:      dpeg_arrival_simpleton_b, layout_loops_corners,
          basic_ecumenical_altar, amcnicky_mini_rare_corridor_liquid,
          minmay_3d_cube
D:2:      layout_rooms, basic_altar, uniq_terence
D:3:      layout_rooms, grunt_temple_overflow_lords_of_destruction,
          wad_orctagon, uniq_grinder
D:4:      layout_basic, serial_shops, nicolae_shop_crystal
D:5:      layout_cave_pods, grunt_temple_overflow_open, zin_academy,
          minmay_temple_entry_poolview, nicolae_inconvenience_store,
          uniq_menkaure
D:6:      layout_gridville, mainiacjoe_overflow_catwalk,
          mainiacjoe_overflow_paths, serial_shops, nicolae_diamond_shop
D:7:      layout_basic, lemuel_tele_altar, enter_bailey_3, kennysheep_doodads,
          st_stairs_8, uniq_joseph
D:8:      kennysheep_steamy, layout_basic, ebering_ghost_funeral_grove,
          hangedman_decor_riveting
D:9:      old_forge, layout_rooms, interstate_on_off
D:10:     layout_irregular_city, lair_entry_dummy, zombieorc2_lemuel,
          serial_shops, shop, shop, corexii_hall_statues_x,
          minmay_misc_feat_rugged, uniq_grum
D:11:     layout_long_grid, chequers_serial_rivers_marsh, uniq_erolcha
D:12:     layout_irregular_city, unseen_surprise_small
D:13:     layout_cave_pools, gammafunk_ghost_abyssal_escape, serial_shops, shop,
          nicolae_shop_hallway_plus, shop, nicolae_diamond_shop,
          nicolae_shop_temple_entry_statues_fountains, gauntlet_entry_generic
Temple:   jpeg_temple_clearing
Lair:1:   layout_regular_city
Lair:2:   layout_long_grid, minmay_shoals_entry_hut, serial_bayou,
          serial_bayou_lake_a, serial_bayou_shore_a, serial_bayou_pond_a,
          serial_bayou_pond_d, serial_bayou_pond_e, serial_bayou_pond_d,
          lemuel_old_faithful, lemuel_fruit_tree
Lair:3:   nzn_winding_woodlands_three_and_one
          [nzn_winding_woodlands_5x15_concentric,
          nzn_winding_woodlands_5x15_longhouse,
          nzn_winding_woodlands_5x15_sidewinder,
          nzn_winding_woodlands_center_garden], layout_hall_layers,
          guppyfry_snake_entry_island, chequers_serial_rivers_micro_e
Lair:4:   pond_and_an_island_with_a_cottage, layout_hall_layers,
          nicolae_slime_entry_slimehenge, infiniplex_staircase_pool, uniq_sonja
Lair:5:   cheibrodos_lair_end_hotspot, layout_concentric_octagons,
          nicolae_quartered_pool_little, dpeg_stationary_puzzle

Skill      XL: |  1  2  3  4  5  6  7  8  9 10 11 12 13 14 |
---------------+-------------------------------------------+-----
Throwing       | 2 3 4 6 7 9 |  9.0
Fighting       | 2 3 4 5 7 8 10 11 12 14 | 14.0
Dodging        | 3 4 |  4.0
Unarmed Combat | 4 5 7 8 10 12 13 15 16 | 16.6
Evocations     | 1 3 |  3.5
Armour         | 5 |  5.0

Action                     |  1- 3 |  4- 6 |  7- 9 | 10-12 | 13-15 || total
---------------------------+-------+-------+-------+-------+-------++-------
  Melee: Unarmed           |    73 |   114 |   240 |   575 |   492 ||  1494
         Punch             |     1 |       |       |       |       ||     1
  Throw: Large rock        |       |     2 |     2 |     2 |     4 ||    10
         Dart              |       |     1 |     4 |    23 |    36 ||    64
         Throwing net      |       |     1 |     2 |     1 |       ||     4
         Boomerang         |       |       |       |       |     3 ||     3
 Invoke: Curse Item        |       |       |     1 |     4 |     2 ||     7
         Shatter the Chain |       |       |       |     1 |     1 ||     2
  Evoke: Wand              |       |       |       |     2 |     5 ||     7
    Use: Scroll            |       |     6 |    13 |     2 |     4 ||    25
         Potion            |       |       |     3 |       |     3 ||     6
   Stab: Held in net/web   |       |     1 |       |     3 |       ||     4
         Invisible         |       |       |       |       |     7 ||     7
 Armour: Robe              |    18 |    39 |    42 |    71 |       ||   170
         Troll leather arm |       |       |       |     4 |   130 ||   134
  Dodge: Dodged            |    47 |    58 |    96 |   335 |   325 ||   861

Table legend: (Time is in decaauts)
 A = Elapsed time spent in this place.
 B = Non-inter-level travel time spent in this place.
 C = Inter-level travel time spent in this place.
 D = Time resting spent in this place.
 E = Time spent auto-exploring this place.
 F = Levels seen in this place.
 G = Mean time per level.
                   A        B        C        D        E       F      G
               +--------+--------+--------+--------+--------+-----+--------+
         Total |  18806 |  17748 |   1058 |   4288 |   8995 |  20 |  940.3 |
       Dungeon |  11605 |  10930 |    675 |   2338 |   6120 |  13 |  892.7 |
        Temple |     55 |     39 |     16 |      0 |     26 |   1 |   55.0 |
          Lair |   6466 |   6101 |    365 |   1609 |   2813 |   5 | 1293.2 |
        Bailey |    679 |    679 |      0 |    341 |     36 |   1 |  679.0 |
               +--------+--------+--------+--------+--------+-----+--------+

Top non-repeatable levels by time:
     D:5: 2184 daAuts
  Lair:4: 1765 daAuts
  Lair:2: 1444 daAuts
  Lair:5: 1410 daAuts
     D:8: 1278 daAuts
     D:9: 1210 daAuts
  Lair:3: 1115 daAuts
    D:10: 983 daAuts
     D:7: 976 daAuts
     D:1: 879 daAuts
     D:4: 779 daAuts
    D:11: 762 daAuts
  Lair:1: 730 daAuts
     D:3: 714 daAuts
    D:12: 699 daAuts
